 Dungeon Crawl Stone Soup version 0.29.1-12-g30fa7ad0bf (webtiles) character file.

Game seed: 14061573349136126250

483 MisterFreud the Nimble (level 6, -2/28 HPs)
             Began as a Felid Berserker on Jan 8, 2023.
             Was a Believer of Trog.
             Engulfed by a steam dragon's steam (7 damage)
             ... on level 6 of the Dungeon.
             The game lasted 00:04:55 (6022 turns).

MisterFreud the Nimble (Felid Berserker)            Turns: 6022, Time: 00:04:55

Health: -2/28      AC:  2    Str: 13    XL:     6   Next: 87%
Magic:  7/7        EV: 23    Int:  9    God:    Trog [**....]
Gold:   177        SH:  0    Dex: 17    Spells: 5/5 levels left
                                        Lives:  0   Deaths: 2

rFire   . . .      SeeInvis +     - Unarmed
rCold   . . .      Faith    .   (shield unavailable)
rNeg    . . .      Spirit   .   (body armour unavailable)
rPois   .          Reflect  .   (helmet unavailable)
rElec   .          Harm     .   (cloak unavailable)
rCorr   .          Rampage  .   (gloves unavailable)
Will    .....                   (boots unavailable)
Stlth   +++.......              (no amulet)
HPRegen 0.09/turn               (no ring)
MPRegen 0.10/turn               (no ring)

@: quick
A: very small, claws 1, fangs 3, see invisible, speed 1, shaggy fur 2, stealthy
paws, no weapons or thrown items, no armour, multi-lived
a: Renounce Religion, Berserk, Trog's Hand


You were on level 6 of the Dungeon.
You worshipped Trog.
Trog was pleased with you.
You visited 1 branch of the dungeon, and saw 6 of its levels.

You collected 281 gold pieces.
You spent 104 gold pieces at shops.

Inventory:

Jewellery
 d - a ring of protection from cold
 o - a ring of positive energy
Wands
 j - a wand of roots (4)
Scrolls
 h - 3 scrolls of fear
 l - a scroll of identify
 m - a scroll of teleportation {unknown}
 n - a scroll of amnesia {unknown}
 p - a scroll of vulnerability {unknown}
Potions
 a - 2 potions of curing
 b - a potion of degeneration {unknown}
 c - a potion of ambrosia {unknown}
 e - 2 potions of resistance
 f - 2 potions of attraction
 g - 3 potions of haste
 i - 3 potions of heal wounds {unknown}
 k - a potion of magic {unknown}


   Skills:
 - Level 3.0 Fighting
 * Level 9.5 Dodging
 - Level 6.0 Stealth
 - Level 6.0 Unarmed Combat


You had 5 spell levels left.
You didn't know any spells.
Your spell library was empty.

Dungeon Overview and Level Annotations

Branches:
Dungeon (6/15)
 Temple: D:4-7

Altars:
Dithmenos
Qazlal
Trog
Xom
Yredelemnul

Shops:
D:3 ?


Innate Abilities, Weirdness & Mutations

You have sharp claws.
You have razor-sharp teeth.
You have supernaturally acute eyesight. (SInv)
You cover ground quickly. (Speed+)
You are covered in thick fur. (AC +2)
Your paws help you pounce on unaware monsters.
You are incapable of wielding weapons or throwing items.
You cannot wear armour.
You gain extra lives every three experience levels.


Message History

You see here a +0 falchion.
Found a scroll labelled ZOM WATUMUZI.
You feel yourself speed up.
Found a stone staircase leading down.
A black bear comes into view.
The black bear growls angrily.
You recover from your berserk rage.
An orc comes into view.
It is wielding a +0 flail of protection.
The black bear bites you.
* * * LOW HITPOINT WARNING * * *
The black bear claws you.
You die...
The black bear misses you.
An orc comes into view. It is wielding a +0 war axe.
You are now level 6!
You rejoin the land of the living...
Found a leather armour.
Unknown command.
Unknown command.
Found a stone staircase leading down.
There is a stone staircase leading down here.
An adder comes into view.
An adder is nearby!
Found a falchion.
An adder is nearby!
A kobold and a steam dragon come into view.
The kobold is wielding a +0 whip and quivering poisoned darts.
The adder completely misses you.
You closely miss the adder. The adder completely misses you.
A gnoll comes into view. It is wielding a +0 spear.
You completely miss the adder. The adder completely misses you.
The steam dragon breathes steam at you. The ball of steam hits you!!
Ouch! That really hurt!
* * * LOW HITPOINT WARNING * * *
The adder bites you.
* * * LOW HITPOINT WARNING * * *
You hear a shout!
You are engulfed in a cloud of scalding steam.
You die...

.
.................#...##
.
.................#####
. #............#..###
.g.)...........##
................#
................#
...............##
........§....#.#
......S@....####
.......§§..##
......§......#
......§§#....#
........##....#
.....§D..##..##
......... .## ....#.K..
##


You could see a gnoll and an adder.

Vanquished Creatures
  Sigmund (D:5)
  A steam dragon (D:5)
  An ogre (D:5)
  4 scorpions
  A necrophage (D:5)
  4 hounds (D:5)
  Jessica (D:2)
  An iguana (D:4)
  11 gnolls
  5 adders
  A shadow imp (D:5)
  An ufetubus (D:3)
  2 worms
  2 dart slugs (D:2)
  An orc (D:4)
  8 ball pythons
  5 bats
  2 endoplasms (D:1)
  A giant cockroach (D:1)
  4 goblins
  7 hobgoblins
  2 quokkas
  2 frilled lizards
  6 kobolds
  7 rats
81 creatures vanquished.

Notes
Turn   | Place    | Note
-------+----------+-------------------------------------------
     0 | D:1      | MisterFreud the Felid Berserker began the quest for the
                  | Orb.
     0 | D:1      | Reached XP level 1. HP: 10/10 MP: 2/2
   208 | D:1      | Reached skill level 1 in Stealth
   420 | D:1      | Reached XP level 2. HP: 14/14 MP: 3/3
  1379 | D:2      | Noticed Jessica
  1381 | D:2      | Killed Jessica
  1381 | D:2      | Reached ** piety under Trog
  1382 | D:2      | Reached XP level 3. HP: 17/17 MP: 4/4
  2164 | D:3      | Found a bloodstained altar of Trog.
  2247 | D:3      | Reached XP level 4. HP: 17/21 MP: 5/5
  2249 | D:3      | Found Jotta's Magic Scroll Shoppe.
  2347 | D:3      | Bought a scroll of fear for 52 gold pieces
  2347 | D:3      | Bought a scroll of fear for 52 gold pieces
  2602 | D:3      | Found a faded altar of an unknown god.
  2783 | D:3      | Noticed a scorpion
  2788 | D:3      | Killed a scorpion
  2789 | D:3      | Reached skill level 5 in Stealth
  2789 | D:3      | Reached XP level 5. HP: 24/24 MP: 6/6
  2955 | D:4      | HP: 1/24 [poisoned by an adder]
  3140 | D:4      | Reached skill level 5 in Unarmed Combat
  3483 | D:4      | Slain by a gnoll
  3484 | D:4      | Reached XP level 4. HP: -1/21 MP: 5/5
  3643 | D:4      | Reached XP level 5. HP: 19/24 MP: 6/6
  4267 | D:4      | Gained mutation: You are covered in thick fur. (AC +2)
                  | [Felid growth]
  4267 | D:4      | Reached XP level 6. HP: 28/28 MP: 7/7
  4344 | D:5      | Entered Level 5 of the Dungeon
  4344 | D:5      | Found a shadowy altar of Dithmenos.
  4358 | D:5      | Noticed a steam dragon
  4362 | D:5      | Noticed Sigmund
  4387 | D:5      | Killed a steam dragon
  4388 | D:5      | Reached skill level 5 in Dodging
  4623 | D:5      | Reached skill level 6 in Dodging
  4666 | D:5      | Killed Sigmund
  4667 | D:5      | Reached skill level 7 in Dodging
  4667 | D:5      | Reached XP level 7. HP: 31/31 MP: 8/8
  5116 | D:5      | Found a basalt altar of Yredelemnul.
  5145 | D:5      | Reached skill level 8 in Dodging
  5793 | D:5      | Reached skill level 9 in Dodging
  5872 | D:5      | Found a shimmering altar of Xom.
  5873 | D:5      | Found a stormy altar of Qazlal.
  5982 | D:6      | Slain by a black bear
  5983 | D:6      | Reached XP level 6. HP: 0/28 MP: 7/7
  6017 | D:6      | Noticed a steam dragon
  6022 | D:6      | Engulfed by a steam dragon's steam

Illustrated notes

Levels and vault maps discovered:
D:1:      minmay_arrival_shattered_statue, layout_basic
D:2:      layout_loops_corners, minmay_pentomino_x2, uniq_jessica
D:3:      kennysheep_six_static_rooms, layout_basic, bloody_trog,
          basic_ecumenical_altar, serial_shops, nicolae_shop_waterfront
D:4:      layout_basic
D:5:      layout_cave_pools, mainiacjoe_overflow_brackets,
          mainiacjoe_overflow_catwalk, grunt_dithmenos_smoke_and_mirrors,
          grunt_temple_overflow_open, uniq_sigmund
D:6:      layout_cave_pools, uniq_menkaure

Skill      XL: |  1  2  3  4  5  6  7 |
---------------+----------------------+-----
Stealth        | 1 3 5 6 |  6.0
Unarmed Combat | 4 6 |  6.0
Dodging        | 7 9 |  9.5
Fighting       | |  3.0

Action                   |  1- 3 |  4- 6 |  7- 9 || total
-------------------------+-------+-------+-------++-------
Melee: Unarmed           |    70 |   100 |    63 ||   233
       Bite              |     3 |     6 |     5 ||    14
       Punch             |     1 |     2 |     4 ||     7
Invok: Berserk           |       |     5 |     2 ||     7
       Trog's Hand       |       |     1 |       ||     1
  Use: Scroll            |     6 |     3 |       ||     9
       Potion            |       |       |     1 ||     1
 Stab: Sleeping          |     7 |     7 |       ||    14
       Distracted        |     1 |     1 |       ||     2
Armor: Skin              |     1 |     7 |     1 ||     9
Dodge: Dodged            |    42 |    66 |    55 ||   163
